 Dungeon Crawl Stone Soup version 0.31-a0-217-g58bb5d79cf (webtiles) character file.

Game seed: 10549956891328393804

50409 spardeous the Spry (level 14, -20/112 HPs)
             Began as a Felid Earth Elementalist on July 1, 2023.
             Was an Initiate of Gozag.
             Demolished by a death yak (21 damage)
             ... summoned by a spriggan berserker
             ... on level 4 of the Lair of Beasts on July 3, 2023.
             The game lasted 02:16:55 (39634 turns).

spardeous the Spry (Felid Earth Elementalist)      Turns: 39634, Time: 02:16:56

Health: -20/112    AC: 16    Str: 23    XL:     14   Next: 19%
Magic:  13/29      EV: 16    Int: 22    God:    Gozag
Gold:   2076       SH:  0    Dex: 16    Spells: 8/33 levels left
                                        Lives:  0   Deaths: 4

rFire   + +          +
                       - Unarmed
rCold   x . .        (shield unavailable)
rNeg    . . .        (body armour unavailable)
rPois   +            (helmet unavailable)
rElec   .            (cloak unavailable)
rCorr   .            (gloves unavailable)
SInv    +            (boots unavailable)
Will    +++..        z - amulet of magic regeneration
Stlth   ++++         L - ring "Backiy" {rPois rF+ Str+6}
HPRegen 0.38/turn    y - ring "Tyned" {Wiz Will+ Str+3}
MPRegen 0.61/turn

%: wizardry (x1)
@: dragon-form, flying, slightly contaminated, studying Fighting
A: dragon claw, dragon scales, breathe fire, flying, boosted hp, giant, (claws
1), (fangs 3), see invisible, (speed 1), (shaggy fur 3), (stealthy paws), no
weapons or thrown items, no armour, multi-lived, (iridescent scales 1)
a: Breathe Fire, End Transformation, Renounce Religion, Potion Petition, Call
Merchant, Bribe Branch


You were on level 4 of the Lair of Beasts.
You worshipped Gozag.
Gozag was most pleased with you.
You were a fearsome dragon!
You visited 4 branches of the dungeon, and saw 23 of its levels.

You collected 9206 gold pieces.
You spent 4929 gold pieces at shops.
You paid 2201 gold pieces to Gozag.

Inventory:

Armour
 U - an orb of light
Jewellery
 x - a ring of magical power
 y - the ring "Tyned" (right foreclaw) {Wiz Will+ Str+3}
   (You bought it in a shop on level 3 of the Dungeon)

   [ring of wizardry]

   It improves your spell success rate.
   Str:       It affects your strength (+3).
   Will:      It increases your willpower.
 z - an amulet of magic regeneration (around neck)
 L - the ring "Backiy" (left foreclaw) {rPois rF+ Str+6}
   (You found it on level 9 of the Dungeon)

   [ring of strength]

   Str:       It affects your strength (+6).
   rF:        It protects you from fire.
   rPois:     It protects you from poison.
 M - a +6 ring of intelligence
 S - the ring of Bizxoriw {rF+ rC+ Stlth+}
   (You found it on level 12 of the Dungeon)

   [ring of protection from cold]

   rF:        It protects you from fire.
   rC:        It protects you from cold.
   Stlth:     It makes you more stealthy.
 T - the amulet "Ejiyjek" {rF+ Regen+}
   (You found it on level 3 of the Lair of Beasts)

   [amulet of regeneration]

   rF:        It protects you from fire.
   Regen:     It increases your rate of health regeneration.
Wands
 B - a wand of flame (47)
 C - a wand of mindburst (26)
 G - a wand of light (17)
 J - a wand of paralysis (17)
 K - a wand of roots (32)
Scrolls
 d - 3 scrolls of fog
 f - a scroll of torment
 i - 4 scrolls of vulnerability
 k - 11 scrolls of teleportation
 l - 5 scrolls of noise
 n - a scroll of enchant armour
 o - 3 scrolls of fear
 r - 2 scrolls of silence
 u - a scroll of identify
 w - 2 scrolls of immolation
 H - a scroll of poison
 I - 2 scrolls of revelation
 Q - a scroll of amnesia
Potions
 a - 4 potions of magic
 b - 2 potions of mutation
 c - 4 potions of brilliance
 e - 5 potions of heal wounds
 g - 5 potions of might
 h - 2 potions of resistance
 m - 4 potions of attraction
 p - 2 potions of lignification
 q - 3 potions of enlightenment
 s - 6 potions of curing
 t - 2 potions of berserk rage
 A - 4 potions of ambrosia
 E - a potion of invisibility
 P - a potion of cancellation
Miscellaneous
 j - a phial of floods
 N - a phantom mirror
 O - a condenser vane
 R - a lightning rod (4/4)


   Skills:
 - Level 16.0 Fighting
 - Level 17.8 Dodging
 - Level 7.6 Stealth
 - Level 7.3 Unarmed Combat
 - Level 10.0 Spellcasting
 - Level 10.2 Conjurations
 + Level 15.2 Transmutations
 - Level 10.0 Earth Magic


You had 8 spell levels left.
You knew the following spells:

 Your Spells              Type           Power      Damage    Failure   Level
a - Sandblast             Erth           100%       2d20      1%          1
b - Stone Arrow           Conj/Erth      100%       3d13      1%          3
c - Petrify               Tmut/Erth      61%        N/A       1%          4
d - Irradiate             Conj/Tmut      30%        3d21      1%          5
e - Dragon Form           Tmut           33%        N/A       4%          7
f - Lee's Rapid Deconstr  Erth           26%        3d14*     1%          5

Your spell library contained the following spells:

 Spells                   Type           Power      Damage    Failure   Level
 Beastly Appendage        Tmut           100%       N/A       0%          1
 Wereblood                Tmut           67%        N/A       0%          2
 Kiss of Death            Conj/Necr      100%       2d13      1%          1
 Magic Dart               Conj           100%       1d8       1%          1
 Passwall                 Tmut/Erth      50%        N/A       1%          2
 Searing Ray              Conj           100%       2d8       1%          2
 Dazzling Flash           Conj/Hex       66%        N/A       1%          3
 Hailstorm                Conj/Ice       33%        3d8       1%          3
 Mephitic Cloud           Conj/Pois/Air  26%        N/A       1%          3
 Spider Form              Tmut/Pois      44%        N/A       1%          3
 Ice Form                 Ice/Tmut       44%        N/A       1%          4
 Poisonous Vapours        Pois/Air       22%        N/A       3%          2
 Sublimation of Blood     Necr           11%        N/A       3%          2
 Fulminant Prism          Conj/Hex       16%        3d10      3%          4
 Iskenderun's Mystic Bla  Conj/Tloc      33%        2d8       3%          4
 Confusing Touch          Hex            11%        N/A       8%          3
 Volatile Blastmotes      Fire/Tloc      22%        2d11      8%          3
 Freezing Cloud           Conj/Ice/Air   13%        6-21      16%         5
 Anguish                  Hex/Necr       5%         N/A       24%         4
 Cause Fear               Hex            5%         N/A       24%         4
 Dispel Undead            Necr           11%        3d9       24%         4
 Agony                    Necr           11%        N/A       52%         5
 Silence                  Hex/Air        5%         N/A       52%         5
 Enfeeble                 Hex            5%         N/A       100%        7
 Chain Lightning          Conj/Air       16%        3d22      100%        9
 Dragon's Call            Summ           5%         N/A       100%        9
 Fire Storm               Conj/Fire      16%        8d4       100%        9
 Shatter                  Erth           26%        3d22*     100%        9
 Simulacrum               Ice/Necr       Unusable   N/A       N/A         6

Dungeon Overview and Level Annotations

Branches:
Dungeon (15/15)            Temple (1/1) D:5            Lair (5/5) D:10
  Swamp (0/4) Lair:3        Snake (0/4) Lair:3        Slime (0/5) Lair:5
    Orc (2/2) D:11            Elf (0/3) Orc:2        Vaults (0/5) D:14
 Depths (0/4) D:15

Altars:
Ashenzari
Cheibriados
Dithmenos
Elyvilon
Fedhas
Gozag
Hepliaklqana
Kikubaaqudgha
Makhleb
Nemelex Xobeh
Okawaru
Qazlal
Ru
Sif Muna
Trog
Uskayaw
Vehumet
Wu Jian
Xom
Yredelemnul
Zin
The Shining One
Jiyva

Shops:
D:3 :*!=(   D:5 *   D:7 ?:   D:15 =   Orc:2 [**(?   Lair:1 ::!

Annotations:
D:15 2 transporters, Ytwo Fev's ghost, adept HuIE
Lair:4 1 transporter, porpoise's ghost, journeyman MfEn
Lair:5 2 transporters, Pooter's ghost, journeyman MiBe


Innate Abilities, Weirdness & Mutations

You are a fearsome dragon!
You have a powerful clawing attack.
Your giant scaled body is strong and resiliant, but less evasive.
You can breathe fire.
You are flying.
Your maximum health is greatly increased.
((You have sharp claws.))
((You have razor-sharp teeth.))
You have supernaturally acute eyesight. (SInv)
((You cover ground quickly. (Speed+)))
((Your thick and shaggy fur keeps you warm. (AC +3, rC+)))
((Your paws help you pounce on unaware monsters.))
You are incapable of wielding weapons or throwing items.
You cannot wear armour.
You gain extra lives every three experience levels.
((You are partially covered in iridescent scales. (AC +2)))


Message History

The spriggan berserker shouts!
The spriggan is distracted by your dazzling golden aura.
The spriggan shouts!
The spriggan rider hits you with a +1 heavy trident!!
The moth of wrath goads the spriggan rider on!
The spriggan rider goes berserk!
You hear a shout!
The spriggan rider hits you from afar with a +1 heavy trident!
* * * LOW HITPOINT WARNING * * *
The moth of wrath goads the spriggan on!
The spriggan goes berserk!
The spriggan rider hits you from afar with a +1 heavy trident!!
* * * LOW HITPOINT WARNING * * *
Your body shudders with the violent release of wild energies!
You feel slightly disoriented.
You feel less contaminated with magical energies.
Okay, then.
Okay, then.
You feel much better.
The spriggan rages.
Porpoise's ghost keens inconsolably.
The spriggan rider hits you from afar with a +1 heavy trident!!
* * * LOW HITPOINT WARNING * * *
You feel much better.
The spriggan rider hits you from afar with a +1 heavy trident!!
* * * LOW HITPOINT WARNING * * *
Okay, then.
Okay, then.
As you read the scroll of fear, it crumbles to dust.
You assume a fearsome visage.
The spriggan berserker resists with almost no effort.
The death yak is unaffected.
Porpoise's ghost is unaffected.
The moth of wrath looks frightened!
The spriggan rider is unaffected.
The spriggan is unaffected.
The spriggan berserker mumbles some strange prayers to Trog.
The spriggan rider hits you from afar with a +1 heavy trident!
* * * LOW HITPOINT WARNING * * *
The death yak gores you!!
You die...
Your body crumbles into a pile of gold.

.#.......##...i.i###.............
##.......#....####.#.............
#.......##....#≈#..##...#........
.#...#..#.....).#..i#...##.......
#...##.©#i.§#._....i#©..##.......
#.......#.i#≈Yi.#...#...#........
##......##$###.#§####............
#.###...##.#ii### #..P######.###
#####...##...iYD###...# ###
#.##..###.yW###...##
###.....#####....P#
###...........P.# ###.......P####
####.##### ###


You could see a death yak (summoned, berserk), a spriggan rider (berserk), a
spriggan berserker (regenerating, strong-willed), a moth of wrath (fleeing), a
spriggan (berserk) and porpoise's ghost.

Vanquished Creatures
  Kirke (Lair:3)
  An orc warlord (Orc:2)
  A caustic shrike skeleton (D:15)
  A dire elephant (Lair:5)
  A fire dragon (Lair:5)
  Josephine (Orc:2)
  2 catoblepae (Lair:5)
  3 vault guards (D:14)
  A hydra (D:13)
  3 centaur warriors (D:14)
  2 death knights
  2 boulder beetles
  6 two-headed ogres
  4 tengu warriors (D:13)
  A vampire mage (D:15)
  3 death yaks (Lair:5)
  Urug (Orc:1)
  An orc high priest (Orc:2)
  A titan skeleton (D:15)
  A deep elf knight (D:14)
  14 skeletal warriors
  The ghost of Dylgear the Cleaver, a novice FoFi of Wu Jian (D:6)
  4 skysharks
  A swamp dragon (Lair:5)
  2 wizards (D:14)
  2 phantasmal warriors
  7 orc knights
  A sphinx zombie (D:15)
  3 deep elf pyromancers
  2 necromancers
  2 manticores (Lair:5)
  2 oklob plants (Lair:5)
  8 orc sorcerers (Orc:2)
  8 ugly things
  11 cyclopes
  A moth of wrath (Lair:4)
  12 elephants
  A fire giant skeleton (D:15)
  Maurice (Orc:2)
  3 black mambas
  Joseph (D:7)
  11 cane toads
  A torpor snail (Lair:5)
  Maggie (Lair:2)
  5 gargoyles
  8 rime drakes
  5 freezing wraiths
  4 kobold demonologists
  An efreet (D:14)
  14 komodo dragons
  A tengu conjurer (D:14)
  A guardian mummy (D:15)
  9 trolls
  10 saltlings (Orc:2)
  9 blink frogs (Lair:4)
  3 dream sheep (Lair:5)
  15 slime creatures
  A centaur simulacrum (D:15)
  Sigmund (D:3)
  36 yaks
  2 spriggans (Lair:4)
  5 wraiths (Orc:2)
  5 wyverns
  2 basilisks
  A fire bat (shapeshifter) (D:13)
  7 hogs (Lair:4)
  18 humans (D:14)
  4 steam dragons
  10 vampire mosquitoes
  3 wargs
  2 acid dragons (Lair:5)
  2 nagas (Lair:3)
  21 orc warriors
  15 water moccasins
  3 swamp drakes (Lair:5)
  4 black bears
  An ice beast (D:8)
  A sky beast (D:7)
  4 boggarts (D:14)
  7 ogres
  A phantom (D:4)
  12 wolves
  11 centaurs
  5 kobold brigands
  7 bullfrogs
  2 scorpions (D:5)
  4 gnoll sergeants
  5 wights (D:6)
  9 howler monkeys
  3 electric eels
  11 orc priests
  Crazy Yiuf (D:3)
  5 hounds
  2 gnoll boudas
  A sleepcap (D:5)
  7 iguanas
  Terence (D:3)
  16 orc wizards
  Robin (D:2)
  32 gnolls
  10 adders
  2 shadow imps (D:6)
  2 white imps (Lair:4)
  2 ufetubi
  3 worms
  4 dart slugs
  55 orcs
  4 endoplasms
  4 giant cockroaches
  16 goblins
  8 hobgoblins
  6 jackals (D:1)
  32 kobolds
  4 quokkas
  8 ball pythons
  5 bats
  5 frilled lizards
  4 rats
687 creatures vanquished.

Vanquished Creatures (others)
  A centaur (D:14)
  An orc (Orc:1)
2 creatures vanquished.

Grand Total: 689 creatures vanquished

Notes
Turn   | Place    | Note
-------+----------+-------------------------------------------
     0 | D:1      | spardeous the Felid Earth Elementalist began the quest for
                  | the Orb.
     0 | D:1      | Reached XP level 1. HP: 7/7 MP: 4/4
    26 | D:1      | Reached skill level 3 in Dodging
    26 | D:1      | Reached XP level 2. HP: 11/11 MP: 3/6
   406 | D:3      | Noticed Sigmund
   445 | D:3      | Found a runed translucent door.
   446 | D:3      | Noticed Crazy Yiuf
   494 | D:3      | Killed Crazy Yiuf
   495 | D:3      | Reached skill level 4 in Dodging
   495 | D:3      | Reached XP level 3. HP: 4/14 MP: 2/7
   996 | D:3      | Found Saqes's Jewellery Emporium.
  1024 | D:3      | Learned a level 3 spell: Stone Arrow
  1096 | D:3      | Found a hazy altar of Hepliaklqana.
  1161 | D:3      | Found Usyin's Weapon Shoppe.
  1201 | D:3      | Reached XP level 4. HP: 18/18 MP: 6/8
  1234 | D:3      | Found a faded altar of an unknown god.
  1343 | D:3      | Reached skill level 1 in Conjurations
  1794 | D:4      | Noticed a phantom
  1809 | D:4      | Reached XP level 5. HP: 21/21 MP: 6/9
  2149 | D:4      | Killed a phantom
  2482 | D:5      | Entered Level 5 of the Dungeon
  2482 | D:5      | Noticed a water moccasin
  2545 | D:5      | Gained mutation: You are covered in thick fur. (AC +2)
                  | [Felid growth]
  2545 | D:5      | Reached XP level 6. HP: 24/24 MP: 2/10
  2722 | D:5      | Reached skill level 5 in Earth Magic
  3158 | D:5      | Reached XP level 7. HP: 27/27 MP: 4/11
  3263 | D:5      | Found a hide-covered altar of Uskayaw.
  3418 | D:5      | Found a staircase to the Ecumenical Temple.
  3571 | D:5      | Found Ighesk's Overcharged Wands.
  3895 | Temple   | Entered the Ecumenical Temple
  4268 | D:3      | Found an opulent altar of Gozag.
  4276 | D:3      | Found Tehosisa's Book Shop.
  4279 | D:3      | Became a worshipper of Gozag Ym Sagoz the Greedy
  4358 | D:3      | Found Onwoymel's Distillery.
  4370 | D:3      | Bought a potion of curing for 39 gold pieces
  4417 | D:3      | Found Diutoa's Assorted Antiques.
  4448 | D:3      | Noticed Terence
  4467 | D:3      | Killed Terence
  4744 | D:3      | Learned a level 4 spell: Petrify
  4889 | D:3      | Killed Sigmund
  4890 | D:3      | Reached skill level 5 in Conjurations
  5090 | D:2      | Found a bloodstained altar of Trog.
  5237 | D:2      | Noticed Robin
  5403 | D:2      | Killed Robin
  7471 | D:3      | Bought the ring "Tyned" {Wiz Will+ Str+3} for 489 gold
                  | pieces
  7535 | D:5      | Reached skill level 1 in Fighting
  7535 | D:5      | Reached skill level 5 in Dodging
  7535 | D:5      | Reached XP level 8. HP: 25/32 MP: 12/12
  7768 | D:6      | Reached skill level 6 in Dodging
  7868 | D:6      | Reached skill level 7 in Dodging
  7946 | D:6      | Found a sacrificial altar of Ru.
  8089 | D:6      | Noticed a cyclops
  8093 | D:6      | Noticed Dylgear's ghost (novice FoFi)
  8097 | D:6      | Found a transporter.
  8189 | D:6      | Found a transporter.
  8547 | D:3      | Bought a potion of heal wounds for 65 gold pieces
  8547 | D:3      | Bought a potion of invisibility for 104 gold pieces
  8547 | D:3      | Bought a potion of enlightenment for 65 gold pieces
  8695 | D:7      | Reached XP level 9. HP: 39/39 MP: 16/16
  8772 | D:7      | Found Hoenagock's Self-Improvement Boutique.
  8960 | D:7      | Found Teggie's Magic Scroll Boutique.
  8969 | D:7      | Bought a scroll of identify for 26 gold pieces
  8969 | D:7      | Bought a scroll of teleportation for 39 gold pieces
  9083 | D:7      | Noticed a troll
  9113 | D:7      | Killed a troll
  9114 | D:7      | Reached skill level 8 in Dodging
  9157 | D:7      | Reached skill level 5 in Fighting
  9157 | D:7      | Reached skill level 5 in Spellcasting
  9340 | D:7      | Noticed Joseph
  9885 | D:8      | Found a stormy altar of Qazlal.
 10079 | D:8      | Found a blossoming altar of Fedhas.
 10084 | D:8      | Reached skill level 9 in Dodging
 10712 | D:9      | Reached skill level 10 in Dodging
 10978 | D:9      | Identified the ring "Backiy" {rPois rF+ Str+6}
 11154 | D:9      | Reached XP level 10. HP: 44/44 MP: 5/18
 11688 | D:10     | Entered Level 10 of the Dungeon
 11699 | D:10     | Found a broken altar of Ashenzari.
 11864 | D:10     | Found a staircase to the Lair.
 11895 | D:10     | Slain by a wyvern
 11896 | D:10     | Reached XP level 9. HP: 0/40 MP: 11/17
 12013 | D:10     | Noticed a troll
 12032 | D:10     | Killed a troll
 12233 | D:10     | Found a shimmering altar of Xom.
 12234 | D:10     | Found a shimmering altar of Xom.
 12395 | D:10     | Found a shimmering altar of Xom.
 12396 | D:10     | Found a shimmering altar of Xom.
 12396 | D:10     | Found a shimmering altar of Xom.
 12397 | D:10     | Found a shimmering altar of Xom.
 12397 | D:10     | Found a shimmering altar of Xom.
 12397 | D:10     | Found a shimmering altar of Xom.
 12397 | D:10     | Found a shimmering altar of Xom.
 12398 | D:10     | Found a shimmering altar of Xom.
 12431 | D:10     | Noticed a two-headed ogre
 12451 | D:10     | Killed a two-headed ogre
 12452 | D:10     | Reached XP level 10. HP: 44/44 MP: 10/18
 12615 | D:10     | Noticed a manticore
 12615 | D:10     | Noticed a fire crab
 12618 | D:10     | a fire crab changed into a yaktaur
 12638 | D:10     | a yaktaur changed into a manticore
 12638 | D:10     | Noticed a manticore (shapeshifter)
 12785 | D:3      | Bought a manual of Fighting for 960 gold pieces
 12970 | Lair:1   | Entered Level 1 of the Lair of Beasts
 13224 | Lair:1   | Learned a level 5 spell: Irradiate
 13269 | Lair:1   | Noticed a cane toad
 13336 | Lair:1   | Killed a cane toad
 13537 | Lair:1   | Reached skill level 10 in Earth Magic
 13832 | Lair:1   | Noticed a black mamba
 13838 | Lair:1   | Killed a black mamba
 13839 | Lair:1   | Reached XP level 11. HP: 50/50 MP: 11/19
 14362 | Lair:2   | Noticed Maggie
 14372 | Lair:2   | Killed Maggie
 14720 | Lair:2   | Noticed a skyshark
 14746 | Lair:2   | Killed a skyshark
 15707 | D:7      | Killed Joseph
 16704 | D:6      | Killed Dylgear's ghost
 16705 | D:6      | Reached skill level 10 in Conjurations
 16950 | D:10     | Noticed an orb spider
 16966 | D:11     | Noticed a white ugly thing
 16990 | D:11     | Upgraded the game from 0.31-a0-214-gb37851dbb3 to
                  | 0.31-a0-217-g58bb5d79cf
 17010 | D:11     | Killed a white ugly thing
 17076 | D:11     | Reached skill level 5 in Transmutations
 17178 | D:11     | Noticed a two-headed ogre
 17195 | D:11     | Killed a two-headed ogre
 17196 | D:11     | Reached skill level 10 in Fighting
 17264 | D:11     | Found a staircase to the Orcish Mines.
 17824 | D:12     | Gained mutation: Your thick and shaggy fur keeps you warm.
                  | (AC +3, rC+) [Felid growth]
 17824 | D:12     | Reached XP level 12. HP: 59/59 MP: 15/21
 18031 | D:12     | Identified the ring of Bizxoriw {rF+ rC+ Stlth+}
 18338 | D:12     | Identified a scroll of acquirement
 18343 | D:12     | Acquired a book of Annihilations
 18797 | D:12     | Reached skill level 5 in Stealth
 19089 | Lair:3   | You fall into a shaft and drop 2 floors!
 19089 | Lair:5   | Entered Level 5 of the Lair of Beasts
 19303 | Lair:3   | Found a staircase to the Swamp.
 19322 | Lair:3   | Noticed a boulder beetle
 19593 | Lair:3   | Reached skill level 1 in Unarmed Combat
 19825 | Lair:3   | Found a staircase to the Snake Pit.
 20771 | Lair:3   | Identified the amulet "Ejiyjek" {rF+ Regen+}
 20845 | Lair:3   | Killed a boulder beetle
 21100 | D:7      | Bought a manual of Transmutations for 1200 gold pieces
 21272 | Lair:3   | Slain by a skyshark
 21273 | Lair:3   | Reached XP level 11. HP: -3/55 MP: 10/24
 21273 | Lair:3   | Killed a skyshark
 21327 | Lair:4   | Reached XP level 12. HP: 60/60 MP: 16/25
 21495 | Lair:4   | Noticed porpoise's ghost (journeyman MfEn)
 21854 | Lair:4   | Noticed Kirke
 22116 | Lair:4   | Noticed a sphinx
 22162 | Lair:4   | Found a bloodstained altar of Trog.
 22191 | Lair:4   | Found a transporter.
 22233 | Lair:4   | Reached skill level 11 in Dodging
 22449 | Lair:4   | Identified the ring "Ricsamm" {AC+4 SInv}
 22588 | Lair:3   | Killed Kirke
 22666 | Lair:4   | Found a transporter.
 22959 | Lair:4   | Learned a level 3 spell: Spider Form
 22965 | Lair:4   | Learned a level 5 spell: Lee's Rapid Deconstruction
 22978 | Lair:4   | Learned a level 9 spell: Shatter
 23069 | Lair:5   | Found a transporter.
 23081 | Lair:5   | Noticed a seven-headed hydra
 23082 | Lair:5   | Noticed Pooter's ghost (journeyman MiBe)
 23131 | Lair:5   | Found a transporter.
 23134 | Lair:5   | Found the dreamshard necklace {Acrobat *Dream}
 23258 | Lair:5   | Found a viscous altar of Jiyva.
 23260 | Lair:5   | Found a staircase to the Slime Pits.
 23510 | Lair:5   | Reached skill level 12 in Dodging
 23511 | Lair:5   | Reached skill level 10 in Spellcasting
 24041 | Lair:5   | Reached XP level 13. HP: 64/64 MP: 22/28
 24990 | Lair:5   | Noticed a fire dragon
 25465 | Lair:5   | Reached skill level 13 in Dodging
 26334 | Lair:5   | Noticed a dire elephant
 26714 | Lair:5   | Killed a dire elephant
 27430 | Lair:5   | Killed a fire dragon
 27675 | Lair:5   | Acquired 924 gold pieces
 28013 | D:7      | Bought a manual of Fighting for 1200 gold pieces
 28340 | D:13     | Reached skill level 10 in Transmutations
 28356 | D:13     | Found a shadowy altar of Dithmenos.
 29213 | D:13     | Reached skill level 15 in Fighting
 30022 | Lair:1   | Bought a potion of mutation for 112 gold pieces
 30086 | Orc:1    | Entered Level 1 of the Orcish Mines
 30172 | Orc:1    | Reached XP level 14. HP: 36/74 MP: 6/29
 30359 | Orc:2    | Entered Level 2 of the Orcish Mines
 30799 | Orc:2    | Found Hosit's Magic Scroll Emporium.
 30817 | Orc:2    | Bought a scroll of identify for 32 gold pieces
 30834 | Orc:2    | Found Iwkiaw's General Store.
 30836 | Orc:2    | Found Ysusotsa's Antique Armour Shoppe.
 30951 | Orc:2    | Found a staircase to the Elven Halls.
 30991 | Orc:2    | Noticed Maurice
 31006 | Orc:2    | Killed Maurice
 31007 | Orc:2    | Reached skill level 14 in Dodging
 31296 | Orc:2    | Reached skill level 15 in Dodging
 31805 | Orc:2    | Reached skill level 16 in Dodging
 31836 | Orc:2    | Noticed an orc warlord
 31955 | Orc:2    | Killed an orc warlord
 31955 | Orc:2    | Mangled by an orc
 31956 | Orc:2    | Reached XP level 13. HP: -8/70 MP: 21/28
 32246 | Orc:2    | Found Datel Poiwk's Assorted Antiques.
 32281 | Orc:2    | Found Nesas's Antique Weapon Boutique.
 32397 | Orc:1    | Noticed Urug
 32609 | Orc:1    | Noticed Josephine
 33539 | Orc:2    | Reached skill level 5 in Unarmed Combat
 33664 | Orc:2    | Killed Josephine
 34061 | Orc:1    | Killed Urug
 34466 | Lair:1   | Bought a book of the Dragon for 598 gold pieces
 34469 | Lair:1   | Gained mutation: You are partially covered in iridescent
                  | scales. (AC +2) [potion of mutation]
 34469 | Lair:1   | Gained mutation: You passively map a small area around you.
                  | [potion of mutation]
 34766 | D:13     | Reached skill level 17 in Dodging
 35403 | D:13     | HP: 3/70 [centaur[a centaur warrior] (3)]
 35717 | D:13     | Shot with a bolt by a tengu warrior
 35718 | D:13     | Reached XP level 12. HP: -20/66 MP: 24/27
 35746 | D:13     | Killed a tengu warrior
 35747 | D:13     | Reached XP level 13. HP: 37/70 MP: 22/28
 37590 | D:14     | Found a gate to the Vaults.
 37661 | D:14     | Learned a level 7 spell: Dragon Form
 37687 | D:15     | Entered Level 15 of the Dungeon
 37696 | D:15     | Found Xexokuan's Jewellery Shop.
 37776 | D:15     | Found a transporter.
 37777 | D:15     | Noticed a vampire knight
 37778 | D:15     | Noticed Ytwo Fev's ghost (adept HuIE)
 37781 | D:15     | Found a transporter.
 38076 | D:15     | Noticed a jiangshi
 38252 | D:15     | Found a staircase to the Depths.
 38261 | D:15     | Reached XP level 14. HP: 43/75 MP: 26/29
 38781 | D:15     | Reached skill level 15 in Transmutations
 39631 | Lair:4   | Lost mutation: You passively map a small area around you.
                  | [mutagenic glow]
 39632 | Lair:4   | HP: 3/112 [spriggan rider/+1 heavy trident (32)]
 39634 | Lair:4   | HP: 1/112 [spriggan rider/+1 heavy trident (9)]
 39634 | Lair:4   | Demolished by a death yak

Illustrated notes

Levels and vault maps discovered:
D:1:      reono_arrival_forest_river, layout_loops_corners
D:2:      layout_basic, basic_altar, st_stairs_2, kennysheep_flooded_box,
          nicolae_elevator_lobby_plus, uniq_robin
D:3:      layout_basic, nicolae_gozag_seed_capital,
          worldfamousw_hep_ancestral_shrine,
          hellmonk_ecumenical_altar_leap_of_faith, serial_shops, shop,
          nicolae_square_shop, shop, nicolae_shop_gaudy_bauble, shop,
          uniq_sigmund, uniq_crazy_yiuf_cottage, uniq_terence
D:4:      layout_cave_pods
D:5:      layout_basic, nicolae_uskayaw_dance_hall, temple_doors_cd,
          dk_noncrumbling_3, nicolae_shop_overcharged_wands
D:6:      layout_basic, mainiacjoe_overflow_paths, gammafunk_ghost_arena,
          hex_tiny, hellmonk_bongcloud_opening
D:7:      layout_basic, serial_shops, nicolae_shop_getting_attention,
          nicolae_shop_self_help, uniq_joseph
D:8:      layout_loops_ring, amcnicky_altar_gilded,
          nicolae_qazlal_general_emergency, grunt_ministairs_8,
          serial_bayou_pond_a
D:9:      layout_loops_ring
D:10:     layout_irregular_city, xom_shifter_show, evilmike_ruin_ashenzari,
          erik_lair_island
D:11:     layout_basic, orc_david_3
D:12:     layout_long_grid
D:13:     layout_long_grid, grunt_dithmenos_smoke
D:14:     layout_cave_pools, grunt_vaults_entry_tiered
D:15:     gammafunk_depths_entry_grave, layout_cave_pools, serial_shops, shop,
          minmay_large_rounded_square, gammafunk_ghost_mausoleum, drop_trap
Temple:   minmay_temple_curvy_branch
Lair:1:   layout_misc_corridors, pdpol_lair_neglected_garden,
          grunt_megastairs_5, infiniplex_staircase_pool_2
Lair:2:   layout_regular_city, lemuel_fruit_tree, uniq_maggie
Lair:3:   layout_chaotic_city, swamp_mist_pool, guppyfry_snake_entry_garden,
          serial_bayou_shore_a, grunt_megastairs_3, serial_bayou_shore_b,
          serial_bayou_shore_b
Lair:4:   layout_small_grid, gammafunk_ghost_wrathful_warriors,
          bobbens_ice_dragon_lair, serial_bayou_shore_b, uniq_kirke
Lair:5:   hangedman_lair_in_review, layout_misc_corridors,
          guppyfry_lair_end_dragon, minmay_slime_entry_oklob_open,
          gammafunk_ghost_berserking_beasts, guppyfry_lair_drakes
Orc:1:    layout_diamond_mine, uniq_urug, uniq_josephine
Orc:2:    hellmonk_orc_salted, layout_caves, serial_shops, shop, uniq_maurice

Skill      XL: |  1  2  3  4  5  6  7  8  9 10 11 12 13 14 |
---------------+-------------------------------------------+-----
Dodging        | 3 4 5 7 10 12 17 16 | 17.8
Earth Magic    | 3 4 5 6 9 10 | 10.0
Conjurations   | 1 2 3 5 7 8 10 | 10.2
Fighting       | 1 4 5 7 10 11 15 16 | 16.0
Spellcasting   | 4 5 10 | 10.0
Transmutations | 2 5 6 14 15 | 15.2
Stealth        | 7 |  7.6
Unarmed Combat | 4 7 |  7.3

Action                     |  1- 3 |  4- 6 |  7- 9 | 10-12 | 13-15 || total
---------------------------+-------+-------+-------+-------+-------++-------
  Melee: Unarmed           |     4 |       |       |    21 |   129 ||   154
         Punch             |     1 |       |       |     1 |    10 ||    12
         Bite              |       |       |       |     3 |    22 ||    25
         Tailslap          |       |       |       |       |     5 ||     5
   Cast: Sandblast         |    37 |    65 |   134 |   131 |    55 ||   422
         Stone Arrow       |       |     9 |   159 |   428 |   393 ||   989
         Petrify           |       |       |     4 |    24 |    57 ||    85
         Lee's Rapid Decon |       |       |       |    36 |   211 ||   247
         Dragon Form       |       |       |       |       |     8 ||     8
         Spider Form       |       |       |       |       |     1 ||     1
         Irradiate         |       |       |       |       |     4 ||     4
 Invoke: Call Merchant     |       |       |       |       |     3 ||     3
Ability: End Transformatio |       |       |       |       |     3 ||     3
         Breathe Fire      |       |       |       |       |     3 ||     3
  Evoke: Condenser vane    |       |       |       |       |     1 ||     1
    Use: Scroll            |       |       |    12 |     8 |    14 ||    34
         Potion            |       |       |       |       |     4 ||     4
   Stab: Petrified         |       |       |       |    12 |    65 ||    77
         Petrifying        |       |       |       |     1 |     5 ||     6
         Distracted        |       |       |       |       |     1 ||     1
 Armour: Skin              |       |     1 |     2 |    10 |    31 ||    44
  Dodge: Dodged            |     2 |    28 |    68 |   259 |   426 ||   783

Table legend: (Time is in decaauts)
 A = Elapsed time spent in this place.
 B = Non-inter-level travel time spent in this place.
 C = Inter-level travel time spent in this place.
 D = Time resting spent in this place.
 E = Time spent auto-exploring this place.
 F = Levels seen in this place.
 G = Mean time per level.
                   A        B        C        D        E       F      G
               +--------+--------+--------+--------+--------+-----+--------+
         Total |  35548 |  31645 |   3903 |   6540 |  17125 |  23 | 1545.6 |
       Dungeon |  21225 |  18169 |   3056 |   3151 |  10622 |  15 | 1415.0 |
        Temple |    205 |    201 |      4 |      0 |    197 |   1 |  205.0 |
          Lair |  10110 |   9502 |    608 |   2124 |   4840 |   5 | 2022.0 |
  Orcish Mines |   4006 |   3773 |    233 |   1264 |   1464 |   2 | 2003.0 |
               +--------+--------+--------+--------+--------+-----+--------+

Top non-repeatable levels by time:
  Lair:5: 4461 daAuts
    D:13: 3194 daAuts
   Orc:2: 2722 daAuts
     D:6: 1858 daAuts
     D:3: 1832 daAuts
  Lair:3: 1655 daAuts
     D:5: 1535 daAuts
  Lair:4: 1507 daAuts
    D:15: 1407 daAuts
    D:14: 1380 daAuts
  Lair:1: 1359 daAuts
     D:7: 1344 daAuts
   Orc:1: 1284 daAuts
     D:2: 1234 daAuts
    D:10: 1198 daAuts
